 Dungeon Crawl Stone Soup version 0.32-a0-39-g5c88369fb2 (webtiles) character file.

Game seed: 8084842428835626222

48 Eptagon the Changeling (level 3, 0/24 HPs)
             Began as an Octopode Shapeshifter on Feb 4, 2024.
             Splashed by a jelly's acid (5 damage)
             ... on level 2 of the Dungeon.
             The game lasted 00:01:12 (785 turns).

Eptagon the Changeling (Octopode Shapeshifter)       Turns: 785, Time: 00:01:12

Health: 0/24       AC: -3    Str: 13    XL:     3   Next: 72%
Magic:  3/3        EV: 13    Int: 12    God:
Gold:   30         SH:  0    Dex: 13    Spells: 2/2 levels left

rFire   . .          .
                       - Unarmed
rCold   . . .        (no shield)
rNeg    . . .        (helmet currently unavailable)
rPois   .            (no amulet)
rElec   .            (no ring)
rCorr   .            (no ring)
SInv    .            (no ring)
Will    .....        (no ring)
Stlth   ++           (no ring)
HPRegen 0.24/turn    (no ring)
MPRegen 0.08/turn    (no ring)
                     (no ring)

%: no passive effects
@: beast-form, corroded
A: beast (slay +2), almost no armour, amphibious, 8 rings, camouflage 1,
gelatinous body 1, (nimble swimmer 1), tentacles
a: Begin Untransformation


You were on level 2 of the Dungeon.
You were a hulking beast.
You visited 1 branch of the dungeon, and saw 2 of its levels.

You collected 30 gold pieces.

Inventory:

Talismans
 b - a beast talisman
 c - a flux talisman
Scrolls
 d - 2 scrolls of identify {unknown}
 f - a scroll of fog {unknown}
Potions
 a - a potion of berserk rage {unknown}
 e - 2 potions of enlightenment {unknown}


   Skills:
 + Level 1.6 Fighting
 + Level 2.4 Dodging
 + Level 3.3 Unarmed Combat
 * Level 3.5 Shapeshifting


You had 2 spell levels left.
You didn't know any spells.
Your spell library was empty.

Dungeon Overview and Level Annotations

Branches:
Dungeon (2/15)

Altars:


Innate Abilities, Weirdness & Mutations

You are a hulking beast.
Your limbs bulge with bestial killing power. (Slay +2)
You cannot wear most types of armour.
You are amphibious.
You can wear up to eight rings at the same time.
Your skin changes colour to match your surroundings (Stealth+).
Your rubbery body absorbs attacks. (AC +1, EV +1)
((You are camouflaged when in or above water. (Stealth+)))
You have tentacles for arms and can constrict up to eight enemies at once.


Message History

You lose your grip on Terence.
Terence hits you but does no damage.
You smack Terence!
Terence is almost dead.
Terence hits you with a +0 hand axe.
* * * LOW HITPOINT WARNING * * *
You smack Terence!
You kill Terence!
Your transformation is almost over.
You feel less wooden.
You turn into a hulking beast.
Things that are here:
a +0 hand axe; a +0 chain mail You now have 30 gold pieces (gained 7).
A frilled lizard comes into view.
The frilled lizard hisses angrily.
You tentacle-slap the frilled lizard.
You kill the frilled lizard!
No target in view!
No target in view!
No target in view!
No target in view!
You open the door.
There is an open door here.
Found a stone staircase leading down.
a - a black potion A jelly comes into view.
The jelly quivers.
The jelly moves out of view.
Found a chain mail.
You tentacle-slap the jelly.
Your tentacles burn!
The jelly is lightly wounded.
The jelly hits you but does no damage.
You tentacle-slap the jelly.
Your tentacles burn!
You squeeze the jelly!
The jelly is severely wounded.
The jelly hits you. The acid corrodes you!
You are splashed with acid!
* * * LOW HITPOINT WARNING * * *
You are too injured to fight recklessly!
You are too injured to fight recklessly!
You tentacle-slap the jelly.
Your tentacles burn!
You die...

..##.# #+ #....
.##.##....
.......>. #.......
#......# #[...J=#
#h# #.# #.###
#.#.. #.#.# ######
#.#.# #....# #.#.#
#.##)#<.
####'#.####.##.#.#
#...........##.#.#


You could see a jelly.

Vanquished Creatures
  Terence (D:2)
  2 ball pythons (D:1)
  3 endoplasms
  2 giant cockroaches (D:1)
  3 goblins (D:1)
  2 hobgoblins (D:1)
  4 kobolds (D:1)
  2 bats (D:1)
  4 frilled lizards
  2 rats (D:1)
25 creatures vanquished.

Notes
Turn   | Place    | Note
-------+----------+-------------------------------------------
     0 | D:1      | Eptagon the Octopode Shapeshifter began the quest for the
                  | Orb.
     0 | D:1      | Reached XP level 1. HP: 13/13 MP: 1/1
   200 | D:1      | Reached XP level 2. HP: 18/18 MP: 2/2
   561 | D:1      | Reached XP level 3. HP: 23/23 MP: 3/3
   661 | D:2      | Noticed Terence
   673 | D:2      | Killed Terence
   785 | D:2      | Splashed by a jelly's acid

Illustrated notes

Levels and vault maps discovered:
D:1:      lordsloth_arrival_two_stooges, layout_basic, minmay_misc_feat_square
D:2:      layout_basic, hellmonk_ecumenical_altar_leap_of_faith,
          amcnicky_mini_corridor_feature, uniq_terence

Action                     || total
---------------------------++-------
  Melee: Unarmed           ||    48
         Tentacles         ||     7
         Constrict         ||     7
         Punch             ||     1
    Use: Potion            ||     1
   Stab: Sleeping          ||     4
 Armour: Skin              ||    13
  Dodge: Dodged            ||    20

Table legend: (Time is in decaauts)
 A = Elapsed time spent in this place.
 B = Non-inter-level travel time spent in this place.
 C = Inter-level travel time spent in this place.
 D = Time resting spent in this place.
 E = Time spent auto-exploring this place.
 F = Levels seen in this place.
 G = Mean time per level.
                   A        B        C        D        E       F      G
               +--------+--------+--------+--------+--------+-----+--------+
         Total |    782 |    758 |     24 |      0 |    612 |   2 |  391.0 |
       Dungeon |    782 |    758 |     24 |      0 |    612 |   2 |  391.0 |
               +--------+--------+--------+--------+--------+-----+--------+

Top non-repeatable levels by time:
     D:1: 643 daAuts
     D:2: 139 daAuts
